 Dungeon Crawl Stone Soup version 0.24-a0-217-g1152973720 (webtiles) character file.

Game seed: 12140067380643787199

22 Redear the Magician (level 2, 0/19 HPs)
             Began as a Mummy Wizard on Mar 30, 2019.
             Slain by a quokka (4 damage)
             ... on level 2 of the Dungeon.
             The game lasted 00:03:46 (862 turns).

Redear the Magician (Mummy Wizard)                   Turns: 862, Time: 00:03:46

Health: 0/19       AC:  2    Str: 10    XL:     2   Next: 68%
Magic:  0/7        EV: 12    Int: 17    God:
Gold:   62         SH:  0    Dex: 10    Spells: 5/10 levels left

rFire    x . .     SeeInvis .   e - -1 hunting sling (curse)
rCold    + . .     Gourm    .   (no shield)
rNeg     + + +     Faith    .   a - +0 robe
rPois    ∞         Spirit   .   b - +0 hat
rElec    .         Reflect  .   (no cloak)
rCorr    .         Harm     .   (no gloves)
MR       .....                  (no boots)
Stlth    ++........             (no amulet)
HPRegen  0.06/turn              (no ring)
MPRegen  0.10/turn              (no ring)

@: no status effects
A: no food or potions, fire vulnerability, cold resistance 1, negative energy
resistance 3, torment resistance, unbreathing
a: no special abilities


You were on level 2 of the Dungeon.
You were not hungry.

You visited 1 branch of the dungeon, and saw 2 of its levels.

You collected 62 gold pieces.

Inventory:

Hand Weapons
 e - a cursed -1 hunting sling (weapon)
 j - a +0 hand axe
Missiles
 Q - 47 stones (quivered)
Armour
 a - a +0 robe (worn)
 b - a +0 hat (worn)
 d - a +0 leather armour
Jewellery
 g - an uncursed ring of protection from magic {unknown}
Scrolls
 f - a scroll of fog
 i - a scroll of identify
Potions
 c - a potion of lignification {unknown}


   Skills:
 - Level 1.5 Dodging
 - Level 1.5 Stealth
 + Level 4.5 Spellcasting
 + Level 1.5 Conjurations
 + Level 0.9 Summonings
 + Level 0.9 Translocations


You had 5 spell levels left.
You knew the following spells:

 Your Spells              Type           Power        Failure   Level  Hunger
a - Magic Dart            Conj           #...         9%          1    N/A
b - Blink                 Tloc           N/A          16%         2    N/A
c - Call Imp              Summ           #.......     16%         2    N/A

Your spell library contained the following spells:

 Spells                   Type           Power        Failure   Level  Hunger
 Slow                     Hex            #.......     22%         2    N/A
 Conjure Flame            Conj/Fire      #.......     32%         3    N/A
 Mephitic Cloud           Conj/Pois/Air  #.......     36%         3    N/A

Dungeon Overview and Level Annotations

Branches:
Dungeon (2/15)

Altars:


Innate Abilities, Weirdness & Mutations

You do not eat or drink.
Your flesh is vulnerable to fire.
You are immune to poison.
Your flesh is cold resistant. (rC+)
You are immune to negative energy. (rN+++)
You are immune to unholy pain and torment.
You can survive without breathing.


Message History

Aim: a quokka (heavily wounded)
The magic dart hits the quokka.
* * * LOW MAGIC WARNING * * *
The quokka bites you.
* * * LOW HITPOINT WARNING * * *
You take 5 damage, and have 3/19 hp.
MASSIVE DAMAGE!!
You now have 0/7 mp.
Unknown command.
The quokka closely misses you. The quokka barely misses you.
Aim: a quokka (severely wounded)
The magic dart hits the quokka but does no damage.
* * * LOW MAGIC WARNING * * *
The quokka barely misses you.
You now have 0/7 mp.
You don't have enough magic to cast that spell.
Unknown command.
The quokka bites you.
You die...

*,,,,,,,,,,,,*
#....#.## *,,
*,,,,*********
######..# *,,
*,,,,* ##.# ***
*,,,,* #.# *,,,,*
*##** ♣♣###.#
*,,,,* *)..#**
♣♣.....# ******
*,,.+.♣♣♣♣......#
*,,,*♣..♣r♣....##
*******♣@♣....##
♣♣♣♣♣###


You could see a quokka.

Levels and vault maps discovered:
D:1:      dpeg_arrival_orchard, layout_basic
D:2:      minmay_angry_zag, layout_basic, chequers_ecumenical_altar_grove,
          first_ration, uniq_crazy_yiuf_cottage

Notes
Turn   | Place    | Note
-------+----------+-------------------------------------------
     0 | D:1      | Redear the Mummy Wizard began the quest for the Orb.
     0 | D:1      | Reached XP level 1. HP: 13/13 MP: 5/5
   167 | D:1      | Reached skill level 1 in Conjurations
   174 | D:1      | Identified a +0 dagger
   487 | D:1      | Identified a +0 club
   491 | D:1      | Reached XP level 2. HP: 15/19 MP: 1/7
   672 | D:1      | Learned a level 2 spell: Blink
   675 | D:1      | Learned a level 2 spell: Call Imp
   691 | D:1      | Identified a cursed -1 hunting sling (You found it on level
                  | 1 of the Dungeon)
   784 | D:2      | Identified a +0 short sword
   827 | D:2      | Identified 2 scrolls of identify
   827 | D:2      | Identified a scroll of fog
   828 | D:2      | Identified a scroll of magic mapping
   829 | D:2      | Identified a scroll of teleportation
   847 | D:2      | HP: 3/19 [quokka (5)]
   862 | D:2      | Found a runed translucent door.
   862 | D:2      | Slain by a quokka

Table legend:
 A = Turns spent in this place as a percentage of turns spent in the entire game.
 B = Non-inter-level travel turns spent in this place as a percentage of non-inter-level travel turns spent in the entire game.
 C = Inter-level travel turns spent in this place as a percentage of turns spent in this place.
 D = Turns resting spent in this place as a percentage of non-inter-level travel turns spent in this place.
 E = Turns spent auto-exploring this place as a percentage of non-inter-level travel turns spent in this place.
 F = Non-inter-level travel turns spent in this place divided by the number of levels of this place that you've seen.
                   A       B       C       D       E      F
               +-------+-------+-------+-------+-------+----------------------
         Total | 100.0 | 100.0 |   0.0 |   4.2 |  55.5 | 431.0
       Dungeon | 100.0 | 100.0 |   0.0 |   4.2 |  55.5 | 431.0
               +-------+-------+-------+-------+-------+----------------------

Table legend:
 A = Kills in this place as a percentage of kills in entire the game.
 B = Kills by you in this place as a percentage of kills by you in the entire game.
 C = Kills by friends in this place as a percentage of kills by friends in the entire game.
 D = Other kills in this place as a percentage of other kills in the entire game.
 E = Experience gained in this place as a percentage of experience gained in the entire game.
 F = Experience gained in this place divided by the number of levels of this place that you have seen.
                   A       B       C       D       E      F
               +-------+-------+-------+-------+-------+----------------------
         Total | 100.0 | 100.0 |   N/A |   N/A | 100.0 |  16.0
       Dungeon | 100.0 | 100.0 |   N/A |   N/A | 100.0 |  16.0
               +-------+-------+-------+-------+-------+----------------------

Skill      XL: |  1 |
---------------+----+-----
Conjurations   | 1 |  1.5
Dodging        | |  1.5
Stealth        | |  1.5
Spellcasting   | |  4.5
Summonings     | |  0.9
Translocations | |  0.9

Action                   || total
-------------------------++-------
Melee: Unarmed           ||    33
 Fire: Hunting sling     ||    27
 Cast: Magic Dart        ||    44
  Use: Scroll            ||     3
Armor: Robe              ||    19
Dodge: Dodged            ||    75

Vanquished Creatures
  A worm (D:2)
  3 bats
  4 giant cockroaches
  A goblin (D:1)
  A hobgoblin (D:1)
  2 jackals (D:2)
  A frilled lizard (D:2)
  3 kobolds
  2 rats (D:1)
18 creatures vanquished.
